 Dungeon Crawl Stone Soup version 0.24-a0-264-gf46a388 (webtiles) character file.

Game seed: 13780122863571882662

74 FlareUmbra the Chiller (level 4, -2/30 HPs)
             Began as a Merfolk Ice Elementalist on Apr 20, 2019.
             Slain by an orc warrior
             ... wielding a +0 trident
              (18 damage)
             ... on level 3 of the Dungeon.
             The game lasted 00:13:30 (1844 turns).

FlareUmbra the Chiller (Merfolk Ice Elementalist)   Turns: 1844, Time: 00:13:30

Health: -2/30      AC:  3    Str:  8    XL:     4   Next: 30%
Magic:  2/8        EV: 13    Int: 15    God:
Gold:   146        SH:  0    Dex: 14    Spells: 8/9 levels left

rFire    . . .     SeeInvis .   g - +0 dagger
rCold    . . .     Gourm    .   (no shield)
rNeg     . . .     Faith    .   f - +0 leather armour
rPois    .         Spirit   .   (no helmet)
rElec    .         Reflect  .   (no cloak)
rCorr    .         Harm     .   (no gloves)
MR       .....                  (no boots)
Stlth    ++........             (no amulet)
HPRegen  0.10/turn              (no ring)
MPRegen  0.11/turn              (no ring)

@: very slightly contaminated
A: change form in water, swift swim, stealthy swim
a: no special abilities


You were on level 3 of the Dungeon.
You were not hungry.

You visited 1 branch of the dungeon, and saw 3 of its levels.

You collected 146 gold pieces.

Inventory:

Hand Weapons
 g - a +0 dagger (weapon)
Armour
 a - a +0 robe
 f - a +0 leather armour (worn)
Scrolls
 d - 3 scrolls of identify {unknown}
 e - a scroll of enchant armour {unknown}
 k - a scroll of fog {unknown}
 l - 3 scrolls of teleportation {unknown}
 m - 2 scrolls of immolation {unknown}
 n - a scroll of random uselessness {unknown}
Potions
 b - a potion of berserk rage
 h - a potion of curing {unknown}
 i - a potion of heal wounds {unknown}
 j - a potion of lignification {unknown}
 o - a potion of degeneration {unknown}
 p - a potion of mutation {unknown}
Comestibles
 c - a ration


   Skills:
 + Level 0.7 Short Blades
 + Level 0.4 Armour
 + Level 3.3 Dodging
 + Level 2.5 Stealth
 + Level 3.0 Spellcasting
   Level 0.7 Conjurations
 + Level 3.9 Ice Magic


You had 8 spell levels left.
You knew the following spells:

 Your Spells              Type           Power        Failure   Level  Hunger
a - Freeze                Ice            ##..         5%          1    #......

Your spell library contained the following spells:

 Spells                   Type           Power        Failure   Level  Hunger
 Throw Frost              Conj/Ice       #.....       16%         2    ##.....
 Ozocubu's Armour         Chrm/Ice       #.......     36%         3    ###....
 Throw Icicle             Conj/Ice       #.......     71%         4    #####..
 Summon Ice Beast         Ice/Summ       #.......     77%         4    #####..


Dungeon Overview and Level Annotations

Branches:
Dungeon (3/15)

Altars:


Message History

Confirm with . or Enter, or press ? or * to list all spells.
Aiming: Freeze (safe; 5% risk of failure)
Press: ? - help, Shift-Dir - straight line, f/p - hobgoblin
Aim: a hobgoblin (heavily wounded)
You freeze the hobgoblin.
The hobgoblin is almost dead.
The hobgoblin barely misses you.
You barely miss the hobgoblin.
The hobgoblin is severely wounded.
The hobgoblin hits you.
You hit the hobgoblin.
You kill the hobgoblin!
You feel sick.
An orc warrior comes into view. It is wielding a +0 trident.
The orc warrior completely misses you.
You feel sick.
You are no longer poisoned.
The orc warrior hits you from afar with a +0 trident!!
Ouch! That really hurt!
You die...

#.# ######.#<# ... ...........
##.###########.#.. # #.....###
#.#.. .. #.....#.# #.#.. ...
#.....#.# #.#.. ....###
#.###..######.#..
.......#########..........##.#..
.........†..ro.@.............)..
...#.#.###.....................
#.# ######o###.)#.#.##.... .o.
.................. .##.#
##...##.......##... #. ..
#...###........... # ..# #...#
#.#.#....... ..# ..#
#.#....#...# ... ..........


You could see an orc warrior, an orc and a quokka.

Vanquished Creatures
  5 adders
  An ooze (D:1)
  A dart slug (D:2)
  2 leopard geckos (D:1)
  A ball python (D:2)
  A giant cockroach (D:1)
  2 goblins
  3 hobgoblins
  A bat (D:1)
  2 frilled lizards (D:1)
  3 kobolds
  4 rats
26 creatures vanquished.

Notes
Turn   | Place    | Note
-------+----------+-------------------------------------------
     0 | D:1      | FlareUmbra the Merfolk Ice Elementalist began the quest for
                  | the Orb.
     0 | D:1      | Reached XP level 1. HP: 13/13 MP: 3/3
   237 | D:1      | Reached XP level 2. HP: 13/19 MP: 1/5
   851 | D:2      | Reached XP level 3. HP: 23/24 MP: 4/6
  1563 | D:3      | Reached XP level 4. HP: 15/30 MP: 3/8
  1842 | D:3      | Noticed an orc warrior
  1844 | D:3      | Slain by an orc warrior

Levels and vault maps discovered:
D:1:      onia_arrival_pentagram, layout_basic
D:2:      layout_rooms, minivault_11
D:3:      layout_basic, nicolae_qazlal_general_emergency,
          gammafunk_ghost_stat_death

Skill      XL: |  1  2  3  4 |
---------------+-------------+-----
Dodging        | 3 |  3.3
Spellcasting   | 3 |  3.0
Short Blades   | |  0.7
Armour         | |  0.4
Stealth        | |  2.5
Conjurations   | |  0.7
Ice Magic      | |  3.9

Action                   |  1- 3 |  4- 6 || total
-------------------------+-------+-------++-------
Melee: Dagger            |    28 |     9 ||    37
       Unarmed           |     1 |       ||     1
 Cast: Freeze            |    29 |     8 ||    37
  Use: Potion            |     1 |       ||     1
 Stab: Sleeping          |     5 |       ||     5
  Eat: Chunk             |     2 |     1 ||     3
Armor: Leather armour    |    16 |     2 ||    18
Dodge: Dodged            |    32 |     9 ||    41

Table legend:
 A = Non-vault XP
 B = Vault XP
 C = Vault XP percentage of total XP
 D = Non-vault monster count
 E = Vault monster count
 F = Vault count percentage of total count
                 A         B        C        D         E       F
            +---------+---------+-------+---------+---------+-------
      Total |     107 |       0 |   0.0 |      26 |       0 |   0.0
            +---------+---------+-------+---------+---------+-------
        D:1 |      24 |       0 |   0.0 |      11 |       0 |   0.0
        D:2 |      53 |       0 |   0.0 |      11 |       0 |   0.0
        D:3 |      30 |       0 |   0.0 |       4 |       0 |   0.0
            +---------+---------+-------+---------+---------+-------
